 Dungeon Crawl Stone Soup version 0.30-a0-424-g7412bad402 (webtiles) character file.

Game seed: 8025627507695353015

79 AigisTheKnight the Firebug (level 4, -1/25 HPs)
             Began as a Tengu Fire Elementalist on Dec 10, 2022.
             Slain by Crazy Yiuf
             ... wielding a +4 quarterstaff of chaos
              (19 damage)
             ... on level 2 of the Dungeon.
             The game lasted 00:02:45 (2316 turns).

AigisTheKnight the Firebug (TeFE)                   Turns: 2316, Time: 00:02:46

Health: -1/25      AC:  2    Str:  9    XL:     4   Next: 37%
Magic:  13/17      EV: 13    Int: 17    God:
Gold:   87         SH:  0    Dex: 14    Spells: 5/8 levels left

rFire   + . .      SeeInvis .    h - +1 whip (venom)
rCold   . . .      Faith    .    (no shield)
rNeg    . . .      Spirit   .    a - +0 robe
rPois   .          Reflect  .    (helmet restricted)
rElec   .          Harm     .    (no cloak)
rCorr   .          Rampage  .    (no gloves)
Will    .....                    (boots unavailable)
Stlth   ++........               (no amulet)
HPRegen 0.24/turn                d - ring of protection from fire
MPRegen 0.15/turn                g - ring of magical power

@: no status effects
A: beak, talons 3
a: no special abilities


You were on level 2 of the Dungeon.
You visited 1 branch of the dungeon, and saw 2 of its levels.

You collected 87 gold pieces.

Inventory:

Hand Weapons
 h - a +1 whip of venom (weapon)
 l - a +0 quarterstaff
Armour
 a - a +0 robe (worn)
Jewellery
 d - a ring of protection from fire (left hand)
 g - a ring of magical power (right hand)
Scrolls
 c - a scroll of brand weapon {unknown}
 e - a scroll of identify {unknown}
 f - a scroll of teleportation {unknown}
 m - a scroll of amnesia {unknown}
 n - a scroll of acquirement {unknown}
Potions
 b - 2 potions of magic
 i - a potion of might {unknown}
 j - a potion of mutation {unknown}
 k - a potion of attraction {unknown}


   Skills:
 + Level 1.4 Fighting
 + Level 2.9 Dodging
 - Level 2.0 Stealth
 + Level 2.5 Spellcasting
 + Level 2.6 Conjurations
 + Level 3.8 Fire Magic


You had 5 spell levels left.
You knew the following spells:

 Your Spells              Type           Power      Damage    Failure   Level
a - Foxfire               Conj/Fire      52%        2x1d6     4%          1
b - Scorch                Fire           30%        2d7       6%          2

Your spell library contained the following spells:

 Spells                   Type           Power      Damage    Failure   Level
 Inner Flame              Hex/Fire       8%         N/A       26%         3
 Kindle Blastsparks       Fire/Tloc/Air  12%        2d11      32%         3
 Flame Wave               Conj/Fire      13%        2d6       43%         4


Dungeon Overview and Level Annotations

Branches:
Dungeon (2/15)

Altars:

Annotations:
D:2 Crazy Yiuf


Innate Abilities, Weirdness & Mutations

You have a beak for a mouth.
You have claws for feet.


Message History

Unknown command.
Your foxfire dissipates!
Your magical contamination has completely faded away.
Things that are here:
a +0 dagger; 4 stones
n - a scroll labelled TUINUY OFI DUMPOCA No target in view!
No target in view!
There is a stone staircase leading down here.
You now have 87 gold pieces (gained 10).
There is a stone staircase leading down here.
You open the door.
There is an open door here.
There is an open door here.
There is an open door here.
Found a hammer.
Found a runed translucent door.
Could not explore, unopened runed door.
Could not explore, unopened runed door.
No reachable target in view!
Memorise Scorch, consuming 2 spell levels and leaving 5?
You start memorising the spell.
You continue memorising. x2
You finish memorising.
Spell assigned to 'b'.
You open the door.
Unknown command.
Casting: Foxfire (safe; 4% risk of failure)
Confirm with . or Enter, or press ? or * to list all spells.
Flames lash Crazy Yiuf.
Crazy Yiuf is heavily wounded.
Crazy Yiuf's fire resistance burns away.
Crazy Yiuf closely misses you.
Unknown command.
Casting: Scorch (safe; 6% risk of failure)
Confirm with . or Enter, or press ? or * to list all spells.
Flames lash Crazy Yiuf.
Crazy Yiuf is burned terribly!
Crazy Yiuf is almost dead.
Crazy Yiuf yells, "Nubble illywillydillykilly tortoise!"
Crazy Yiuf hits you with a +4 quarterstaff of chaos!
You are electrocuted!!
Ouch! That really hurt!
You die...

###.##......##########
#.##.......#########
#.#................#
##################.#
#.# #.. ### ♣♣#### ##.
#)..#♣♣ ♣♣....#### ##
#...g@♣♣♣♣........####
#...#♣..♣.............
### ♣♣♣.♣............
♣♣♣♣♣##........
########' #. #. #. #.


You could see Crazy Yiuf (combustible).

Vanquished Creatures
  4 adders (D:2)
  4 dart slugs
  6 ball pythons
  3 endoplasms (D:1)
  2 giant cockroaches
  2 goblins (D:1)
  2 hobgoblins
  2 kobolds (D:2)
  2 quokkas
  4 bats
  A frilled lizard (D:1)
  2 rats
34 creatures vanquished.

Vanquished Creatures (others)
  150 foxfires
150 creatures vanquished.

Grand Total: 184 creatures vanquished

Notes
Turn   | Place    | Note
-------+----------+-------------------------------------------
     0 | D:1      | AigisTheKnight the Tengu Fire Elementalist began the quest
                  | for the Orb.
     0 | D:1      | Reached XP level 1. HP: 10/10 MP: 4/4
   190 | D:1      | Reached XP level 2. HP: 14/16 MP: 0/6
  1354 | D:2      | Reached XP level 3. HP: 20/20 MP: 4/7
  1523 | D:2      | Reached skill level 1 in Fighting
  1836 | D:2      | Reached XP level 4. HP: 25/25 MP: 8/8
  2307 | D:2      | Found a runed translucent door.
  2308 | D:2      | Noticed Crazy Yiuf
  2314 | D:2      | Learned a level 2 spell: Scorch
  2316 | D:2      | Slain by Crazy Yiuf

Illustrated notes

Levels and vault maps discovered:
D:1:      noname_arrival_rooms_in_the_neighbourhood, layout_basic
D:2:      layout_basic, minmay_tromino_i2, uniq_crazy_yiuf_cottage

Skill      XL: |  1  2  3 |
---------------+----------+-----
Conjurations   | 2 |  2.6
Fighting       | 1 |  1.4
Dodging        | |  2.9
Stealth        | |  2.0
Spellcasting   | |  2.5
Fire Magic     | |  3.8

Action                   |  1- 3 |  4- 6 || total
-------------------------+-------+-------++-------
Melee: Unarmed           |    26 |       ||    26
       Kick              |     6 |     1 ||     7
       Peck              |     6 |       ||     6
       Whip              |       |     6 ||     6
       Punch             |       |     1 ||     1
 Cast: Foxfire           |    89 |     6 ||    95
       Scorch            |       |     2 ||     2
 Stab: Sleeping          |     1 |       ||     1
Armor: Robe              |     5 |     1 ||     6
Dodge: Dodged            |    24 |     7 ||    31

Table legend: (Time is in decaauts)
 A = Elapsed time spent in this place.
 B = Non-inter-level travel time spent in this place.
 C = Inter-level travel time spent in this place.
 D = Time resting spent in this place.
 E = Time spent auto-exploring this place.
 F = Levels seen in this place.
 G = Mean time per level.
                   A        B        C        D        E       F      G
               +--------+--------+--------+--------+--------+-----+--------+
         Total |   2314 |   2293 |     21 |     45 |   1984 |   2 | 1157.0 |
       Dungeon |   2314 |   2293 |     21 |     45 |   1984 |   2 | 1157.0 |
               +--------+--------+--------+--------+--------+-----+--------+

Top non-repeatable levels by time:
     D:1: 1261 daAuts
     D:2: 1053 daAuts
